 Dungeon Crawl Stone Soup version 0.24.0-123-gd5b16e6ec5 (console) character file.

Game seed: 17569231337014506845, levelgen mode: deterministic

3369 AlterAsc the Martial Artist (level 10, -5/82 HPs)
             Began as an Octopode Transmuter on Dec 16, 2019.
             Was a High Priest of Cheibriados.
             Slain by a two-headed ogre
             ... wielding a +0 giant club
              (16 damage)
             ... on level 8 of the Dungeon on Dec 17, 2019.
             The game lasted 00:34:55 (9315 turns).

AlterAsc the Martial Artist (Octopode Transmuter)   Turns: 9315, Time: 00:34:56

Health: -5/82      AC:  7    Str: 26    XL:     10   Next: 3%
Magic:  9/16       EV: 13    Int: 30    God:    Cheibriados [*****.]
Gold:   404        SH:  0    Dex: 27    Spells: 5/17 levels left

rFire    x . .     SeeInvis .     - Unarmed
rCold    + + +     Gourm    .   (shield currently unavailable)
rNeg     . . .     Faith    .   (helmet currently unavailable)
rPois    +         Spirit   .   (no amulet)
rElec    .         Reflect  .   r - ring of attention (curse)
rCorr    .         Harm     .   o - ring of poison resistance
MR       .....                  u - ring of protection from cold
Stlth    +.........             G - ring of wizardry
HPRegen  0.23/turn              (no ring)
MPRegen  0.15/turn              (no ring)
                                (no ring)
                                (no ring)

@: ice-form, very slow
A: large, almost no armour, stealthy swim, amphibious, 8 rings, (constrict 8)
a: End Transformation, Bend Time, Temporal Distortion, Slouch, Step From Time,
Renounce Religion


You were on level 8 of the Dungeon.
You worshipped Cheibriados.
Cheibriados was extremely pleased with you.
You were not hungry.
You were a creature of crystalline ice.
You visited 1 branch of the dungeon, and saw 8 of its levels.
You also visited: Sewer.

You collected 469 gold pieces.
You spent 65 gold pieces at shops.

Inventory:

Missiles
 a - 45 arrows
Jewellery
 o - a ring of poison resistance (right front paw)
 r - a cursed ring of attention (left front paw)
 t - an uncursed ring of ice
 u - a ring of protection from cold (on tentacle)
 G - a ring of wizardry (on tentacle)
Wands
 w - a wand of disintegration (11)
 z - a wand of polymorph (15)
 B - a wand of acid (6)
 D - a wand of scattershot (4)
Scrolls
 b - a scroll of random uselessness
 e - 2 scrolls of enchant armour
 h - 2 scrolls of remove curse {unknown}
 k - a scroll of fog {unknown}
 l - 5 scrolls of enchant weapon
 q - a scroll of fear
 v - a scroll of teleportation
 y - 3 scrolls of magic mapping
 A - 2 scrolls of immolation
 E - a scroll of amnesia {unknown}
Potions
 d - 2 potions of resistance {unknown}
 f - a potion of lignification {unknown}
 g - 3 potions of flight
 i - 5 potions of haste
 j - 7 potions of curing
 m - 3 potions of degeneration {unknown}
 n - 5 potions of heal wounds
 p - a potion of might
 s - 2 potions of agility {unknown}
 x - a potion of cancellation {unknown}
 F - a potion of brilliance {unknown}
Comestibles
 c - 11 rations
 C - a chunk of flesh


   Skills:
 + Level 6.3 Fighting
 + Level 4.0 Dodging
 * Level 8.5 Unarmed Combat
 - Level 4.0 Spellcasting
 - Level 2.0 Translocations
 - Level 7.0 Transmutations
 - Level 3.0 Ice Magic


You had 5 spell levels left.
You knew the following spells:

 Your Spells              Type           Power        Failure   Level  Hunger
a - Beastly Appendage     Tmut           #####.       1%          1    None
b - Sticks to Snakes      Tmut           #####...     1%          2    None
c - Spider Form           Tmut/Pois      ####......   1%          3    ##.....
d - Ice Form              Ice/Tmut       #####...     3%          4    ####...
e - Blink                 Tloc           N/A          1%          2    None

Your spell library contained the following spells:

 Spells                   Type           Power        Failure   Level  Hunger
 Confusing Touch          Hex            #.....       2%          1    None
 Magic Dart               Conj           #...         2%          1    None
 Gell's Gravitas          Tloc           ###.......   3%          3    ##.....
 Call Imp                 Summ           #.......     4%          2    None
 Slow                     Hex            #.......     4%          2    None
 Blade Hands              Tmut           #####.....   4%          5    #####..
 Petrify                  Tmut/Erth      ####....     6%          4    ####...
 Confuse                  Hex            #.......     8%          3    ##.....
 Conjure Flame            Conj/Fire      #.......     8%          3    ##.....
 Mephitic Cloud           Conj/Pois/Air  #.......     8%          3    ##.....
 Yara's Violent Unravell  Hex/Tmut       ####......   16%         5    #####..
 Metabolic Englaciation   Hex/Ice        ###.......   34%         5    #####..


Dungeon Overview and Level Annotations

Branches:
Dungeon (8/15)             Temple (0/1) D:6           Sewer (visited)
   Lair: D:8-11

Altars:
Cheibriados
Qazlal
Trog
Wu Jian

Shops:
D:4 ?


Innate Abilities, Weirdness & Mutations

You cannot wear most types of armour.
You are very stealthy in the water. (Stealth+)
You are amphibious.
You can wear up to eight rings at the same time.
((You can use your tentacles to constrict eight enemies at once.))
((Your skin changes colour to match your surroundings (Stealth+).))
((Your rubbery body absorbs attacks. (AC +1, EV +1)))


Message History

The two-headed ogre barely misses your water moccasin.
Your adder bites the two-headed ogre but does no damage.
Your water moccasin bites the two-headed ogre.
Your adder bites the two-headed ogre.
The two-headed ogre hits your water moccasin with a +0 giant club!
The two-headed ogre hits your water moccasin with a +0 giant club!!
Your water moccasin dies!
Casting: Sticks to Snakes (safe; 1% risk of failure)
Confirm with . or Enter, or press ? or * to list all spells.
You blink.
Found a stone staircase leading down.
Casting: Blink (safe; 1% risk of failure)
Confirm with . or Enter, or press ? or * to list all spells.
You create 2 snakes!
You now have 45 arrows.
Your adder bites the two-headed ogre but does no damage.
Your adder barely misses the two-headed ogre.
The two-headed ogre hits you with a +0 giant club!!
* * * LOW HITPOINT WARNING * * *
The two-headed ogre hits you with a +0 giant club!
You die...

### ..$ ## ## ##
#>### #. .####.
...# #
#.#......#####.####
#>.........#.......
#..# #..#.....##
#..# #.......###
#.Y#### #S####.##


#SSOS.# #O# #)# #.###.# #.# #.# #.###.###.# #'# #.....O...# ... #####.##### ...
..# .o... ..# ..o.. .... ....... You could see a two-headed ogre and 3 friendly
adders.

Vanquished Creatures
  Joseph (D:7)
  A hippogriff (D:8)
  A wyvern (D:8)
  A hungry ghost (D:3)
  Menkaure (D:7)
  Duvessa (D:7)
  A phantom (D:6)
  An ogre (D:5)
  2 centaurs (D:5)
  A big kobold (Sewer)
  A gnoll sergeant (D:7)
  A bullfrog (D:7)
  Dowan (D:7)
  A scorpion (D:4)
  5 wights (D:7)
  A howler monkey (D:6)
  2 crimson imps
  4 hounds
  Crazy Yiuf (D:7)
  The ghost of Descartes the Ducker, a weakling FeMo (D:3)
  4 bullfrog skeletons
  A bullfrog zombie (D:7)
  A jelly (D:6)
  3 orc priests
  6 orc wizards
  3 iguanas
  6 worker ants
  2 hound skeletons
  15 adders
  7 gnolls
  8 river rats (Sewer)
  5 oozes
  An adder zombie (D:5)
  3 adder skeletons
  4 worms
  7 dart slugs
  5 leopard geckos
  29 orcs
  2 ball pythons
  8 giant cockroaches
  5 goblins
  7 hobgoblins
  12 jackals
  4 quokkas
  9 bats
  4 frilled lizards
  A jackal skeleton (D:7)
  22 kobolds
  2 leopard gecko skeletons
  A quokka skeleton (D:5)
  A quokka zombie (D:6)
  22 rats
239 creatures vanquished.

Vanquished Creatures (collateral kills)
  An adder (Sewer)
1 creature vanquished.

Grand Total: 240 creatures vanquished

Notes
Turn   | Place    | Note
-------+----------+-------------------------------------------
     0 | D:1      | AlterAsc the Octopode Transmuter began the quest for the
                  | Orb.
     0 | D:1      | Reached XP level 1. HP: 13/13 MP: 3/3
   306 | D:1      | Reached XP level 2. HP: 16/18 MP: 3/5
   343 | D:1      | Learned a level 2 spell: Sticks to Snakes
   464 | D:1      | Reached XP level 3. HP: 15/23 MP: 4/6
   700 | D:2      | Found a snail-covered altar of Cheibriados.
   711 | D:2      | Learned a level 3 spell: Spider Form
   776 | D:2      | Became a worshipper of Cheibriados the Contemplative
  1447 | D:2      | HP: 1/23 [orc/+0 short sword (5)]
  1763 | D:3      | Found a transporter.
  1798 | D:3      | Found a glowing drain.
  1810 | D:3      | Reached XP level 4. HP: 16/28 MP: 7/7
  1938 | Sewer    | Entered a sewer
  2190 | Sewer    | Reached * piety under Cheibriados
  2515 | Sewer    | Reached skill level 4 in Unarmed Combat
  2517 | Sewer    | Reached XP level 5. HP: 30/34 MP: 4/8
  2611 | Sewer    | Reached ** piety under Cheibriados
  2826 | Sewer    | Noticed a big kobold
  2840 | Sewer    | Killed a big kobold
  2840 | Sewer    | Reached XP level 6. HP: 20/39 MP: 6/10
  3286 | D:3      | Found a transporter.
  3286 | D:3      | Noticed Descartes's ghost (weakling FeMo)
  3418 | D:3      | Learned a level 4 spell: Ice Form
  3753 | D:3      | Reached *** piety under Cheibriados
  4016 | D:3      | Noticed a hungry ghost
  4033 | D:3      | Killed a hungry ghost
  4033 | D:3      | Reached skill level 5 in Unarmed Combat
  4033 | D:3      | Reached XP level 7. HP: 25/45 MP: 8/12
  4331 | D:3      | Reached skill level 1 in Ice Magic
  4863 | D:3      | Learned a level 2 spell: Blink
  5065 | D:4      | Reached **** piety under Cheibriados
  5088 | D:4      | Reached skill level 5 in Transmutations
  5461 | D:4      | Found Plog's Magic Scroll Shop.
  5465 | D:4      | Bought a scroll of teleportation for 39 gold pieces
  5465 | D:4      | Bought a scroll of identify for 26 gold pieces
  5627 | D:4      | Reached XP level 8. HP: 45/52 MP: 13/13
  5858 | D:5      | Entered Level 5 of the Dungeon
  6549 | D:5      | Found a stormy altar of Qazlal.
  6552 | D:5      | Reached ***** piety under Cheibriados
  6562 | D:5      | Found a bloodstained altar of Trog.
  7177 | D:6      | Found an ornate altar of the Wu Jian Council.
  7239 | D:6      | Reached skill level 1 in Translocations
  7252 | D:6      | Found a staircase to the Ecumenical Temple.
  7311 | D:6      | Reached XP level 9. HP: 55/59 MP: 11/15
  7482 | D:6      | Reached skill level 6 in Unarmed Combat
  7965 | D:7      | Found a runed translucent door.
  7966 | D:7      | Noticed Crazy Yiuf
  7971 | D:7      | Killed Crazy Yiuf
  7999 | D:7      | Reached skill level 5 in Fighting
  8097 | D:7      | Noticed Joseph
  8100 | D:7      | Killed Joseph
  8100 | D:7      | Reached skill level 7 in Unarmed Combat
  8167 | D:7      | Noticed Menkaure
  8169 | D:7      | Killed Menkaure
  8219 | D:7      | Noticed Dowan
  8226 | D:7      | Noticed Duvessa
  8234 | D:7      | Killed Duvessa
  8235 | D:7      | Killed Dowan
  8235 | D:7      | Reached skill level 8 in Unarmed Combat
  8727 | D:3      | Killed Descartes's ghost
  8937 | D:8      | Reached XP level 10. HP: 28/69 MP: 16/16
  9297 | D:8      | Noticed a two-headed ogre
  9315 | D:8      | Slain by a two-headed ogre

Levels and vault maps discovered:
D:1:      minmay_arrival_four_circles, layout_basic
D:2:      layout_loops_cross, lemuel_doored_altar, skrybe_limestone_x
D:3:      layout_basic, gammafunk_ghost_arena, cheibrodos_sewer_entry_bend,
          minmay_ruptured
D:4:      layout_basic, serial_shops, nicolae_shop_behind_doors
D:5:      minmay_skewed_foursquare, layout_basic, grunt_qazlal_clouds,
          nicolae_overflow_crystal_walls, first_ration
D:6:      layout_basic, kennysheep_mini_moat, temple_statues,
          serial_co_window_serial, co_window_paths_a, co_window_paths_b,
          co_window_paths_a, co_window_paths_b, co_window_corner_a,
          co_window_paths_a, co_window_paths_b, co_window_broadway_b,
          co_window_unsneaky_path_c, co_window_unsneaky_path_a,
          co_window_2corner, co_window_paths_c, co_window_corner_b,
          co_window_4corner_a, co_window_paths_e, glass_columns_b,
          glass_columns_b, glass_columns_b, glass_columns_a, glass_columns_a
D:7:      layout_loops_ring, uniq_joseph, uniq_duvessa, uniq_menkaure,
          uniq_crazy_yiuf_cottage
D:8:      layout_loops_corners, grunt_temple_overflow_lords_of_destruction,
          elyvilon_altar_1, kennysheep_little_box

Skill      XL: |  1  2  3  4  5  6  7  8  9 10 |
---------------+-------------------------------+-----
Transmutations | 3 4 5 7 |  7.0
Unarmed Combat | 4 5 8 |  8.5
Fighting       | 2 3 4 6 |  6.3
Spellcasting   | 3 4 |  4.0
Ice Magic      | 2 3 |  3.0
Translocations | 1 2 |  2.0
Dodging        | 3 4 |  4.0

Action                   |  1- 3 |  4- 6 |  7- 9 | 10-12 || total
-------------------------+-------+-------+-------+-------++-------
Melee: Unarmed           |    84 |   177 |   267 |     4 ||   532
       Constrict         |    23 |    32 |    43 |       ||    98
       Kick              |    18 |       |    10 |       ||    28
       Tentacles         |    12 |    29 |    35 |       ||    76
       Punch             |     3 |     8 |     6 |       ||    17
 Cast: Beastly Appendage |    23 |     1 |     7 |       ||    31
       Spider Form       |     1 |     7 |     2 |       ||    10
       Sticks to Snakes  |       |     1 |     1 |     2 ||     4
       Ice Form          |       |       |    26 |     1 ||    27
       Blink             |       |       |       |     3 ||     3
 Abil: End Transformatio |       |       |     1 |     1 ||     2
  Use: Scroll            |       |       |    10 |     1 ||    11
       Potion            |       |       |     1 |       ||     1
 Stab: Sleeping          |     5 |       |    10 |       ||    15
  Eat: Chunk             |     3 |     7 |    14 |       ||    24
Armor: Skin              |     4 |    14 |    37 |     1 ||    56
Dodge: Dodged            |    47 |   137 |   156 |     4 ||   344
